 Dungeon Crawl Stone Soup version 0.27-a0-1191-g601b473118 (webtiles) character file.

Game seed: 14540675444416792465

2 shoop the Sneak (level 1, -1/18 HPs)
             Began as a Demonspawn Delver on May 23, 2021.
             Slain by an iguana (6 damage)
             ... on level 5 of the Dungeon.
             The game lasted 00:00:46 (195 turns).

shoop the Sneak (Demonspawn Delver)                  Turns: 195, Time: 00:00:47

Health: -1/18      AC:  3    Str: 12    XL:     1   Next: 33%
Magic:  1/1        EV: 11    Int: 11    God:
Gold:   24         SH:  0    Dex: 14    Spells: 0/0 levels left

rFire    . . .     SeeInvis .   a - +0 short sword
rCold    . . .     Faith    .   (no shield)
rNeg     . . .     Spirit   .   b - +0 leather armour
rPois    .         Reflect  .   (no helmet)
rElec    .         Harm     .   (no cloak)
rCorr    .         Rampage  .   (no gloves)
Will     .....                  (no boots)
Stlth    +++.......             (no amulet)
HPRegen  0.06/turn              (no ring)
MPRegen  0.07/turn              (no ring)

@: attractive
A: no striking features
a: no special abilities


You were on level 5 of the Dungeon.
You visited 1 branch of the dungeon, and saw 2 of its levels.

You collected 24 gold pieces.

Inventory:

Hand Weapons
 a - a +0 short sword (weapon)
Armour
 b - a +0 leather armour (worn)
Wands
 g - a wand of digging (3)
Scrolls
 c - a scroll of fog
 d - a scroll of magic mapping
 e - a scroll of fear
 h - a scroll of torment {unknown}
Potions
 f - 2 potions of haste


   Skills:
 + Level 3.0 Fighting
 + Level 1.7 Short Blades
 + Level 1.7 Dodging
 + Level 4.6 Stealth


You couldn't memorise any spells.
You didn't know any spells.
Your spell library was empty.

Dungeon Overview and Level Annotations

Branches:
Dungeon (5/15)
 Temple: D:4-7

Altars:

Annotations:
D:5 exclusions: phantom and sky beast


Message History

The floor.
Unknown command.
You now have 24 gold pieces (gained 13).
h - a scroll labelled HIMERGH ENAE An iguana comes into view.
The iguana hisses angrily.
Found a bubbling grey potion.
You see here a bubbling grey potion.
i - a bubbling grey potion Unknown command.
You hit the iguana.
The iguana is lightly wounded.
The iguana bites you!
You barely miss the iguana.
The iguana is lightly wounded.
The iguana closely misses you.
Okay, then.
It was a potion of attraction.
You feel attractive to monsters. The iguana closely misses you.
You closely miss the iguana.
The iguana is lightly wounded.
The iguana bites you.
* * * LOW HITPOINT WARNING * * *
You hit the iguana but do no damage.
The iguana is lightly wounded.
The iguana closely misses you.
You completely miss the iguana.
The iguana is lightly wounded.
The iguana closely misses you.
You completely miss the iguana.
The iguana is lightly wounded.
The iguana barely misses you.
You barely miss the iguana.
The iguana is lightly wounded.
The iguana barely misses you.
You closely miss the iguana. The iguana barely misses you.
You hit the iguana but do no damage. The iguana closely misses you.
You barely miss the iguana. The iguana bites you.
You die...

#.##........#.....
....................
###................
#................
#.........#.....## #
#....#####.##...... .#
#.##.#####.##.....#
..# ..
#.##....##.....# ... #
##....#####.##@# ..
#......## #..l.#####.#
#.####..###.####.....#
.. ##..##.#....#####
.# #.......####
#..#..### #.......#
....##...## ..###
#...#


You could see an iguana.

Vanquished Creatures
  A dart slug (D:5)
1 creature vanquished.

Notes
Turn   | Place    | Note
-------+----------+-------------------------------------------
     0 | D:5      | shoop the Demonspawn Delver began the quest for the Orb.
     0 | D:5      | Reached XP level 1. HP: 18/18 MP: 1/1
     0 | D:5      | Noticed a sky beast
    14 | D:4      | Noticed a hound
   126 | D:5      | Noticed a phantom
   172 | D:5      | Noticed an iguana
   195 | D:5      | Slain by an iguana

Illustrated notes

Levels and vault maps discovered:
D:4:      layout_basic, general_overflow_altar
D:5:      layout_rooms, nicolae_overflow_crystal_walls, st_stairs_3

Action                   || total
-------------------------++-------
Melee: Short sword       ||    18
  Use: Potion            ||     1
Dodge: Dodged            ||    12

Table legend: (Time is in decaauts)
 A = Elapsed time spent in this place.
 B = Non-inter-level travel time spent in this place.
 C = Inter-level travel time spent in this place.
 D = Time resting spent in this place.
 E = Time spent auto-exploring this place.
 F = Levels seen in this place.
 G = Mean time per level.
                   A        B        C        D        E       F      G
               +--------+--------+--------+--------+--------+-----+--------+
         Total |    195 |    195 |      0 |      0 |    142 |   2 |   97.5 |
       Dungeon |    195 |    195 |      0 |      0 |    142 |   2 |   97.5 |
               +--------+--------+--------+--------+--------+-----+--------+

Top non-repeatable levels by time:
     D:5: 193 daAuts
     D:4: 1 daAuts
